 Dungeon Crawl Stone Soup version 0.30-a0-1014-g3371b13838 (webtiles) character file.

Game seed: 8213595158313439187

9 MacCMillion the Shield-Bearer (level 2, 26/26 HPs)
             Began as a Minotaur Fighter on Apr 6, 2023.
             Quit the game on level 1 of the Dungeon.
             The game lasted 00:00:37 (181 turns).

MacCMillion the Shield-Bearer (Minotaur Fighter)     Turns: 181, Time: 00:00:38

Health: 26/26      AC:  6    Str: 20    XL:     2   Next: 6%
Magic:  1/1        EV:  9    Int:  5    God:
Gold:   14         SH:  4    Dex:  9    Spells: 1/1 levels left

rFire   . . .      SeeInvis .    a - +0 war axe
rCold   . . .      Faith    .    c - +0 buckler
rNeg    . . .      Spirit   .    b - +0 scale mail
rPois   .          Reflect  .    (helmet restricted)
rElec   .          Rampage  .    (no cloak)
rCorr   .                        (no gloves)
Will    .....                    (no boots) Stlth
                                 (no amulet)
HPRegen 0.24/turn                (no ring)
MPRegen 0.07/turn                (no ring)

@: no status effects
A: horns 2, retaliatory headbutt
a: no special abilities


You were on level 1 of the Dungeon.
You visited 1 branch of the dungeon, and saw 1 of its levels.

You collected 14 gold pieces.

Inventory:

Hand Weapons
 a - a +0 war axe (weapon)
Armour
 b - a +0 scale mail (worn)
 c - a +0 buckler (worn)
Scrolls
 f - a scroll of silence {unknown}
 g - 2 scrolls of identify {unknown}
Potions
 d - a potion of might
 e - 2 potions of brilliance {unknown}


   Skills:
 - Level 3.6 Fighting
 + Level 3.1 Axes
 - Level 3.6 Armour
 - Level 4.0 Shields


You had one spell level left.
You didn't know any spells.
Your spell library was empty.

Dungeon Overview and Level Annotations

Branches:
Dungeon (1/15)

Altars:


Innate Abilities, Weirdness & Mutations

You have a pair of horns on your head.
You reflexively headbutt those who attack you in melee.


Message History

You hit the ball python.
You kill the ball python!
You barely miss the bat. The bat hits you but does no damage.
The bat barely misses you. You furiously retaliate!
You headbutt the bat.
You kill the bat!
No target in view!
No target in view!
No target in view!
e - 2 emerald potions
f - a scroll labelled GAXZENLYTW AJYA
Found a stone staircase leading down.
Found a robe.
Found a dagger.
g - a scroll labelled KAZOTONURE A dart slug comes into view.
A dart slug is nearby!
A dart slug is nearby!
Found a scroll labelled KAZOTONURE.
The dart slug launches a dart at you. The slug dart hits you.
You completely miss the dart slug. You headbutt the dart slug!
The dart slug is almost dead.
The dart slug bites you.
You slash the dart slug!
You kill the dart slug!
Training target 4.0 for Shields reached!
Your Axes skill increases to level 3!
Your Shields skill increases to level 4!
You have reached level 2!
Unknown command.
g - 2 scrolls labelled KAZOTONURE (gained 1)
A dart slug comes into view.
A dart slug is nearby!
A dart slug is nearby!
The dart slug launches a dart at you. The slug dart hits you.
No target in view!
No target in view!
No target in view!
Are you sure you want to abandon this character and quit the game? (Confirm with "yes".)

.. .. ##+ #. .....
.. #.?.. .### #....
... #....###.######
#......@.......
####.....########
.# #.....#...##)#
#.# #.....#.#.##.#
#.#
###.#.#......####.#
#.#.#.##........#
#.#.#.#.........#
#.#.#.#.........#
#.#.#.#.........###


There were no monsters in sight!

Vanquished Creatures
  A dart slug (D:1)
  2 ball pythons (D:1)
  An endoplasm (D:1)
  A quokka (D:1)
  A bat (D:1)
  A frilled lizard (D:1)
7 creatures vanquished.

Notes
Turn   | Place    | Note
-------+----------+-------------------------------------------
     0 | D:1      | MacCMillion the Minotaur Fighter began the quest for the
                  | Orb.
     0 | D:1      | Reached XP level 1. HP: 19/19 MP: 0/0
   134 | D:1      | Reached skill level 4 in Shields
   134 | D:1      | Reached XP level 2. HP: 17/26 MP: 1/1
   181 | D:1      | Quit the game

Illustrated notes

Levels and vault maps discovered:
D:1:      mainiacjoe_arrival_reflecting_pool, layout_basic,
          basic_ecumenical_altar, minmay_stone_trees_small

Skill      XL: |  1 |
---------------+----+-----
Axes           | 3 |  3.1
Shields        | 4 |  4.0
Fighting       | |  3.6
Armour         | |  3.6

Action                     || total
---------------------------++-------
  Melee: War axe           ||    11
         Headbutt          ||     2
 Armour: Scale mail        ||     7
  Dodge: Dodged            ||     5
  Block: Buckler           ||     2

Table legend: (Time is in decaauts)
 A = Elapsed time spent in this place.
 B = Non-inter-level travel time spent in this place.
 C = Inter-level travel time spent in this place.
 D = Time resting spent in this place.
 E = Time spent auto-exploring this place.
 F = Levels seen in this place.
 G = Mean time per level.
                   A        B        C        D        E       F      G
               +--------+--------+--------+--------+--------+-----+--------+
         Total |    185 |    185 |      0 |      0 |    146 |   1 |  185.0 |
       Dungeon |    185 |    185 |      0 |      0 |    146 |   1 |  185.0 |
               +--------+--------+--------+--------+--------+-----+--------+

Top non-repeatable levels by time:
     D:1: 185 daAuts
